 Dungeon Crawl Stone Soup version 0.31-a0-636-ge1c0e020e0 (webtiles) character file.

Game seed: 15295986083901129026

298 dialectric the Ruffian (level 5, 0/40 HPs)
             Began as a Demigod Shapeshifter on Aug 26, 2023.
             Slain by Ijyb
             ... wielding a +0 dagger
              (4 damage)
             ... on level 3 of the Dungeon.
             The game lasted 00:02:03 (2256 turns).

dialectric the Ruffian (Demigod Shapeshifter)       Turns: 2256, Time: 00:02:03

Health: 0/40       AC:  2    Str: 19    XL:     5   Next: 88%
Magic:  7/7        EV: 12    Int: 12    God:
Gold:   236        SH:  0    Dex: 13    Spells: 4/4 levels left

rFire   . .          .
                       - Unarmed
rCold   . . .        (no shield)
rNeg    . . .        a - +0 animal skin
rPois   .            (helmet currently unavailable)
rElec   .            (cloak currently unavailable)
rCorr   +            (gloves currently unavailable)
SInv    .            (boots currently unavailable)
Will    .....        (no amulet)
Stlth   +            f - ring of resist corrosion
HPRegen 0.26/turn    (no ring)
MPRegen 0.10/turn

%: no passive effects
@: confused, beast-form
A: beast (slay +2), high MP 1, forlorn, divine attributes
a: Begin Untransformation


You were on level 3 of the Dungeon.
You were a hulking beast.
You visited 1 branch of the dungeon, and saw 3 of its levels.

You collected 236 gold pieces.

Inventory:

Missiles
 k - 3 javelins (quivered)
Armour
 a - a +0 animal skin (worn)
Jewellery
 f - a ring of resist corrosion (left hand)
 m - an amulet of guardian spirit
Talismans
 c - a beast talisman (active)
 d - a flux talisman
Scrolls
 g - 5 scrolls of vulnerability {unknown}
 h - 2 scrolls of teleportation {unknown}
 i - a scroll of poison {unknown}
 j - 3 scrolls of noise {unknown}
 l - a scroll of fear {unknown}
 n - a scroll of enchant armour {unknown}
 q - a scroll of summoning {unknown}
Potions
 b - a potion of magic {unknown}
 e - a potion of degeneration {unknown}
 o - a potion of enlightenment {unknown}
 p - a potion of attraction {unknown}


   Skills:
 + Level 1.4 Fighting
 + Level 0.1 Throwing
 + Level 2.6 Dodging
 + Level 1.2 Stealth
 + Level 4.7 Unarmed Combat
 + Level 3.7 Shapeshifting


You had 4 spell levels left.
You didn't know any spells.
Your spell library contained the following spells:

 Spells                   Type           Power      Damage    Failure   Level
 Sublimation of Blood     Necr           0%         N/A       45%         2
 Wereblood                Tmut           0%         N/A       45%         2
 Summon Hydra             Summ           0%         N/A       100%        7


Dungeon Overview and Level Annotations

Branches:
Dungeon (3/15)

Shops:
D:3 *

Annotations:
D:3 Ijyb


Innate Abilities, Weirdness & Mutations

You are a hulking beast.
Your limbs bulge with bestial killing power. (Slay +2)
You have an increased reservoir of magic. (+10% MP)
You shall have no god before yourself.
Your divine heritage dramatically boosts your attributes as you level up.


Message History

You're too confused to move!
Ijyb zaps a wand.
You resist with some effort.
You bump into the rock wall.
Ijyb hits you with a +0 dagger.
You bump into the rock wall.
Ijyb closely misses you.
Ijyb zaps a wand.
You resist with some effort.
A gnoll comes into view.
It is wielding a +2 flail of protection.
Found 8 gold pieces.
The gnoll shouts!
You hear a shout!
Ijyb barely misses you.
A gnoll bouda comes into view. It is wielding a +0 whip.
The gnoll bouda shouts!
You hear a shout!
Ijyb zaps a wand.
Your will is overpowered!
You are more confused.
The gnoll bouda barks out a call to the hunt!
The gnoll picks up the pace!
A gnoll comes into view. It is wielding a +0 spear.
You hit the gnoll but do no damage. Your punch misses the gnoll.
The gnoll barely misses you.
Ijyb zaps a wand.
You resist with some effort. The gnoll attacks as it pursues you!
The gnoll hits you with a +2 flail of protection!
Ijyb hits you with a +0 dagger.
The gnoll bouda gazes fiercely through you!
You feel your attacks grow feeble.
Ijyb zaps a wand.
Your will is overpowered!
You are more confused.
Unknown command.
The gnoll attacks as it pursues you!
The gnoll hits you with a +2 flail of protection!
* * * LOW HITPOINT WARNING * * *
The gnoll misses you. Ijyb attacks as she pursues you! Ijyb closely misses you.
You hit the gnoll.
The gnoll is lightly wounded.
The gnoll barely misses you.
A gnoll comes into view. It is wielding a +0 flail.
Ijyb barely misses you.
You bump into the rock wall.
Your attacks no longer feel as feeble.
The gnoll hits you with a +2 flail of protection.
* * * LOW HITPOINT WARNING * * *
Ijyb hits you with a +0 dagger.
You die...

#.##.#......# .## #.#+#
#.##.#.....## .⌠# #.#.#
..##.#......##.## #.#.#
..##.#....#.....###.#.##
..##.#....#.....#......####.
..##.#..........+...........
.....####.##..###......##$.#
[.#### #.###..##..g.......#
..# #.# ##.(hgg...g.#..# ###
#.# ####g....>....#
...............###.#
##.######......# . #......#
.# ##.##### #.# #.. ###


You could see Ijyb, a gnoll bouda and 3 gnolls.

Vanquished Creatures
  Grinder (D:3)
  3 gnolls (D:3)
  2 adders
  2 worms
  A dart slug (D:1)
  6 ball pythons
  4 endoplasms
  3 giant cockroaches
  5 goblins
  2 hobgoblins (D:1)
  4 kobolds
  A quokka (D:1)
  4 bats
  4 frilled lizards
  9 rats
51 creatures vanquished.

Notes
Turn   | Place    | Note
-------+----------+-------------------------------------------
     0 | D:1      | dialectric the Demigod Shapeshifter began the quest for the
                  | Orb.
     0 | D:1      | Reached XP level 1. HP: 15/15 MP: 3/3
   245 | D:1      | Reached XP level 2. HP: 9/22 MP: 4/4
   454 | D:1      | Reached skill level 3 in Unarmed Combat
   480 | D:1      | Reached skill level 1 in Fighting
  1135 | D:2      | Reached XP level 3. HP: 28/28 MP: 5/5
  1841 | D:3      | Noticed Grinder
  1852 | D:3      | Paralysed by Grinder for 3 turns
  1861 | D:3      | Killed Grinder
  1862 | D:3      | Reached skill level 1 in Stealth
  1862 | D:3      | Reached skill level 4 in Unarmed Combat
  1862 | D:3      | Reached XP level 4. HP: 26/35 MP: 6/6
  1862 | D:3      | Reached XP level 5. HP: 31/40 MP: 7/7
  2154 | D:3      | Found Porrest's Assorted Antiques.
  2234 | D:3      | Noticed Ijyb
  2256 | D:3      | Slain by Ijyb

Illustrated notes

Levels and vault maps discovered:
D:1:      dpeg_arrival_circle_labyrinth_c, layout_rooms,
          minmay_gold_behind_fungi
D:2:      layout_basic
D:3:      layout_basic, serial_shops, shop, ebering_ecumenical_altar_hall,
          uniq_grinder, uniq_crazy_yiuf_cottage, uniq_ijyb

Skill      XL: |  1  2  3 |
---------------+----------+-----
Shapeshifting  | 3 |  3.7
Unarmed Combat | 3 4 |  4.7
Dodging        | 2 |  2.6
Fighting       | 1 |  1.4
Stealth        | 1 |  1.2
Throwing       | |  0.1

Action                     |  1- 3 |  4- 6 || total
---------------------------+-------+-------++-------
  Melee: Unarmed           |   120 |    28 ||   148
         Punch             |     1 |     1 ||     2
  Throw: Javelin           |     2 |     3 ||     5
    Use: Potion            |     1 |       ||     1
   Stab: Sleeping          |     1 |       ||     1
 Armour: Animal skin       |    15 |     1 ||    16
         Skin              |     8 |       ||     8
  Dodge: Dodged            |    59 |    19 ||    78

Table legend: (Time is in decaauts)
 A = Elapsed time spent in this place.
 B = Non-inter-level travel time spent in this place.
 C = Inter-level travel time spent in this place.
 D = Time resting spent in this place.
 E = Time spent auto-exploring this place.
 F = Levels seen in this place.
 G = Mean time per level.
                   A        B        C        D        E       F      G
               +--------+--------+--------+--------+--------+-----+--------+
         Total |   2248 |   2094 |    154 |     13 |   1728 |   3 |  749.3 |
       Dungeon |   2248 |   2094 |    154 |     13 |   1728 |   3 |  749.3 |
               +--------+--------+--------+--------+--------+-----+--------+

Top non-repeatable levels by time:
     D:1: 961 daAuts
     D:2: 796 daAuts
     D:3: 490 daAuts
